 Dungeon Crawl Stone Soup version 0.30.0-29-ga12c61a403 (webtiles) character file.

Game seed: 17802703169567341830

378 LustLizard the Conjurer (level 6, -10/41 HPs)
             Began as an Octopode Conjurer on June 24, 2023.
             Mangled by an iguana (12 damage)
             ... on level 5 of the Dungeon.
             The game lasted 00:06:04 (4813 turns).

LustLizard the Conjurer (Octopode Conjurer)         Turns: 4813, Time: 00:06:05

Health: -10/41     AC:  1    Str:  8    XL:     6   Next: 74%
Magic:  11/20      EV: 13    Int: 27    God:
Gold:   273        SH:  5    Dex: 16    Spells: 4/11 levels left

rFire   . . .        (no weapon)
rCold   . . .        (no shield)
rNeg    . . .        (helmet restricted)
rPois   +            o - amulet of reflection
rElec   .            l - ring of poison resistance
rCorr   .            s - ring of magical power
SInv    .            w - +6 ring of intelligence
Will    .....        x - +6 ring of dexterity
Stlth   ++++         (no ring)
HPRegen 0.26/turn    (no ring)
MPRegen 0.17/turn    (no ring)
                     (no ring)

%: reflection
@: no status effects
A: almost no armour, amphibious, 8 rings, camouflage 1, gelatinous body 1,
(nimble swimmer 1), tentacles
a: no special abilities


You were on level 5 of the Dungeon.
You visited 1 branch of the dungeon, and saw 5 of its levels.

You collected 273 gold pieces.

Inventory:

Jewellery
 l - a ring of poison resistance (left tentacle)
 o - an amulet of reflection (around mantle)
 p - a ring of ice
 s - a ring of magical power (right tentacle)
 w - a +6 ring of intelligence (on tentacle)
 x - a +6 ring of dexterity (on tentacle)
Wands
 t - a wand of acid (3)
Scrolls
 b - a scroll of teleportation {unknown}
 c - 5 scrolls of amnesia {unknown}
 f - a scroll of fog {unknown}
 q - 2 scrolls of enchant weapon {unknown}
 r - 2 scrolls of blinking {unknown}
 u - a scroll of enchant armour {unknown}
 v - a scroll of noise {unknown}
 y - a scroll of poison {unknown}
Potions
 a - 3 potions of magic
 d - 2 potions of might {unknown}
 e - a potion of heal wounds {unknown}
 g - 6 potions of lignification
 h - 3 potions of curing
 i - a potion of ambrosia {unknown}
 j - a potion of invisibility {unknown}
 k - a potion of degeneration {unknown}
 m - 2 potions of cancellation
 n - 3 potions of berserk rage
 z - a potion of flight {unknown}


   Skills:
 + Level 2.8 Fighting
 - Level 2.0 Dodging
 - Level 4.0 Stealth
 + Level 3.4 Spellcasting
 * Level 6.0 Conjurations
 * Level 0.0 Hexes


You had 4 spell levels left.
You knew the following spells:

 Your Spells              Type           Power      Damage    Failure   Level
a - Magic Dart            Conj           100%       1d8       1%          1
b - Searing Ray           Conj           74%        2d7       1%          2
c - Fulminant Prism       Conj/Hex       10%        3d8       24%         4

Your spell library contained the following spells:

 Spells                   Type           Power      Damage    Failure   Level
 Dazzling Flash           Conj/Hex       40%        N/A       8%          3
 Iskenderun's Mystic Bla  Conj/Tloc      20%        2d6       24%         4
 Agony                    Necr           4%         N/A       93%         5
 Silence                  Hex/Air        2%         N/A       93%         5
 Malign Gateway           Summ/Tloc      2%         N/A       100%        7
 Summon Horrible Things   Summ           2%         N/A       100%        8


Dungeon Overview and Level Annotations

Branches:
Dungeon (5/15)
 Temple: D:4-7

Altars:
Sif Muna

Annotations:
D:5 Ijyb


Innate Abilities, Weirdness & Mutations

You cannot wear most types of armour.
You are amphibious.
You can wear up to eight rings at the same time.
Your skin changes colour to match your surroundings (Stealth+).
Your rubbery body absorbs attacks. (AC +1, EV +1)
((You are camouflaged when in or above water. (Stealth+)))
You have tentacles for arms and can constrict up to eight enemies at once.


Message History

The magic dart hits the iguana but does no damage.
The iguana is lightly wounded.
The magic dart hits the iguana but does no damage.
The iguana is lightly wounded.
The magic dart hits the iguana but does no damage.
The iguana is lightly wounded.
The magic dart hits the iguana.
The iguana is moderately wounded.
The iguana bites you!
The magic dart hits the iguana.
The iguana is moderately wounded.
The iguana bites you!
You are too injured to fight recklessly!
Aiming: Magic Dart (safe; 1% risk of failure)
Press: ? - help, Q - select action, (/) - cycle Shift-Dir - straight line, f/p - iguana
Aim: an iguana (moderately wounded, 100% to hit)
The magic dart hits the iguana but does no damage.
The iguana is moderately wounded.
The iguana bites you.
Aiming: Magic Dart (safe; 1% risk of failure)
Press: ? - help, Q - select action, (/) - cycle Shift-Dir - straight line, f/p - iguana
Aim: an iguana (moderately wounded, 100% to hit)
The magic dart hits the iguana but does no damage.
The iguana is moderately wounded.
The iguana bites you!
* * * LOW HITPOINT WARNING * * *
Aiming: Magic Dart (safe; 1% risk of failure)
Press: ? - help, Q - select action, (/) - cycle Shift-Dir - straight line, f/p - iguana
Aim: an iguana (moderately wounded, 100% to hit)
The magic dart hits the iguana.
The iguana is heavily wounded.
The iguana misses you.
Aiming: Magic Dart (safe; 1% risk of failure)
Press: ? - help, Q - select action, (/) - cycle Shift-Dir - straight line, f/p - iguana
Aim: an iguana (heavily wounded, 100% to hit)
The magic dart hits the iguana but does no damage.
The iguana is heavily wounded.
Ijyb the Twisted Goblin comes into view.
She is wielding a +0 club and carrying a wand of roots (7).
The iguana bites you!
You die...

#.##........ ....
#.
#.##########.......
#. #.# ....... #.
#.# ....... #. #.#
....... #.
#.##########......
#. #..............#
## ##########.....#
#.@...# #.l.......
#..........
#..........
#.........#
.....#....#
......#....#
.g..####....#


You could see Ijyb (wandering) and an iguana.

Vanquished Creatures
  A phantom (D:4)
  2 scorpions (D:4)
  2 iguanas (D:4)
  An orc wizard (D:3)
  3 adders
  2 worms
  3 dart slugs
  2 orcs (D:3)
  4 bats
  13 endoplasms
  2 giant cockroaches
  5 goblins
  3 hobgoblins
  2 jackals (D:4)
  13 kobolds
  A quokka (D:4)
  4 ball pythons
  15 frilled lizards
  3 rats
81 creatures vanquished.

Notes
Turn   | Place    | Note
-------+----------+-------------------------------------------
     0 | D:1      | LustLizard the Octopode Conjurer began the quest for the
                  | Orb.
     0 | D:1      | Reached XP level 1. HP: 11/11 MP: 3/3
   208 | D:1      | Reached XP level 2. HP: 17/18 MP: 0/5
   725 | D:1      | Reached XP level 3. HP: 13/22 MP: 1/6
   971 | D:1      | Reached skill level 1 in Fighting
  1145 | D:2      | Learned a level 2 spell: Searing Ray
  1352 | D:2      | Found a shimmering blue altar of Sif Muna.
  1403 | D:2      | Reached XP level 4. HP: 21/28 MP: 1/7
  2695 | D:3      | Found a faded altar of an unknown god.
  2804 | D:3      | Reached XP level 5. HP: 34/34 MP: 7/9
  2900 | D:3      | Reached skill level 5 in Conjurations
  3615 | D:4      | Noticed a phantom
  3623 | D:4      | Killed a phantom
  3624 | D:4      | Reached XP level 6. HP: 41/41 MP: 10/10
  4635 | D:4      | Reached skill level 6 in Conjurations
  4683 | D:5      | Entered Level 5 of the Dungeon
  4732 | D:5      | Learned a level 4 spell: Fulminant Prism
  4811 | D:5      | HP: 2/41 [iguana (15)]
  4813 | D:5      | Noticed Ijyb
  4813 | D:5      | Mangled by an iguana

Illustrated notes

Levels and vault maps discovered:
D:1:      lemuel_arrival_river_bridge, layout_basic
D:2:      layout_basic, basic_altar
D:3:      layout_basic, shapermc_ecumenical_altar_flowoftime, grunt_ministairs_2
D:4:      layout_basic, minmay_lizard_king
D:5:      layout_basic, mainiacjoe_overflow_divided_tiny,
          nicolae_ossuary_entry_catacombs, uniq_ijyb, uniq_grinder

Skill      XL: |  1  2  3  4  5  6 |
---------------+-------------------+-----
Stealth        | 3 4 |  4.0
Fighting       | 1 2 |  2.8
Conjurations   | 5 6 |  6.0
Spellcasting   | 3 |  3.4
Dodging        | |  2.0

Action                     |  1- 3 |  4- 6 || total
---------------------------+-------+-------++-------
  Melee: Unarmed           |     9 |     4 ||    13
         Constrict         |     2 |     1 ||     3
         Tentacles         |     1 |     3 ||     4
         Punch             |     1 |       ||     1
   Cast: Magic Dart        |    72 |   132 ||   204
         Searing Ray       |       |     1 ||     1
    Use: Scroll            |       |     5 ||     5
   Stab: Sleeping          |       |     1 ||     1
  Dodge: Dodged            |     5 |    13 ||    18
  Block: Other             |       |    10 ||    10
